Avalanche vs Predators
Created - April 29, 2018 at 22:43
Goals
|
| Avalanche |
0 |
2 |
5 |
7 |
| Predators |
1 |
1 |
1 |
3 |
|
Shots
|
| Avalanche |
9 |
9 |
15 |
33 |
| Predators |
12 |
6 |
13 |
31 |
|
1st period
1. Predators , Niclas Bergfors 31 (Alexander Ovechkin 58, Marc Savard 40) at 9:56
Penalties :
Niclas Bergfors (Nas) for Tripping (Minor) at 4:09, Mikkel Boedker (Col) for Holding (Minor) at 4:25, Bryan Little (Col) for Interference (Minor) at 15:28
2nd period
2. Avalanche , Ryan Smyth 12 (Chuck Kobasew 14, Jay Bouwmeester 30) at 2:41
3. Predators , Niclas Bergfors 32 (Alexander Ovechkin 59) at 4:29
4. Avalanche , Paul Stastny 25 (Andrei Kostitsyn 37, Pernell Karl Subban 21) at 12:57
Penalties :
Niclas Bergfors (Nas) for Hooking (Minor) at 0:22, Andrei Kostitsyn (Col) for Roughing (Minor) at 13:21
3rd period
5. Avalanche , Mikkel Boedker 47 (Corey Perry 27, Dan Boyle 18) at 3:07
6. Predators , Adam Burish 15 (James Van Riemsdyk 18, Alexander Edler 50) at 5:35
7. Avalanche , Corey Perry 30 (Bryan Little 62, Mikkel Boedker 49) at 7:12 (PP)
8. Avalanche , Alexander Radulov 20 (Chris Drury 28, Andrew Ladd 22) at 7:24
9. Avalanche , Kyle Turris 3 (Chuck Kobasew 15, Dan Boyle 19) at 8:43
10. Avalanche , Brandon Yip 14 (Andrei Kostitsyn 38) at 8:49
Penalties :
Niclas Bergfors (Nas) for Cross-checking (Minor) at 0:15, Byron Bitz (Nas) for High sticking (Minor) at 7:02, Byron Bitz (Nas) for Boarding (Minor) at 15:27
Goalie Stats
Semyon Varlamov (Col), 28 saves from 31 shots - (0.903), W, 45-22-5, 60:00 minutes
Viktor Fasth (Nas), 22 saves from 28 shots - (0.786), L, 38-20-4, 48:43 minutes
Chad Johnson (Nas), 4 saves from 5 shots - (0.800), 11:17 minutes
Players Stats for Avalanche
Player Name G A P +/- PIM S H SB GA TA FO MP PP MP PK MP
------------------------------------------------------------------------------------
Alexander Radulov 1 0 1 0 0 5 1 1 1 0 0/0 15:42 2:53 0:43
Andrei Kostitsyn 0 2 2 1 2 4 1 0 0 1 0/0 18:27 2:53 0:22
Andrew Ladd 0 1 1 0 0 2 1 1 0 0 1/2 15:01 0:07 2:26
Brandon Yip 1 0 1 1 0 1 3 0 0 0 1/1 14:42 0:07 0:00
Bryan Little 0 1 1 0 2 1 2 1 1 0 11/24 18:25 3:23 0:00
Chris Drury 0 1 1 0 0 1 0 1 0 0 7/12 13:03 0:00 1:21
Chuck Kobasew 0 2 2 2 0 1 0 0 0 0 0/0 9:20 0:00 2:10
Corey Perry 1 1 2 0 0 2 3 1 0 0 0/0 18:25 3:23 0:00
Dan Boyle 0 2 2 4 0 1 1 0 0 0 0/0 18:06 3:53 0:00
Jack Johnson 0 0 0 -2 0 1 2 0 0 3 0/0 22:08 2:30 2:03
Jay Bouwmeester 0 1 1 2 0 3 0 0 0 1 0/0 21:07 3:53 0:00
Johnny Boychuk 0 0 0 3 0 0 0 0 0 1 0/0 16:11 0:00 1:47
Kyle Turris 1 0 1 2 0 1 1 1 0 0 3/5 7:10 0:00 0:00
Marc Staal 0 0 0 -2 0 1 2 0 0 1 0/0 20:11 0:00 2:27
Mikkel Boedker 1 1 2 0 2 3 0 0 1 1 0/1 17:30 3:22 0:00
Paul Stastny 1 0 1 1 0 2 1 0 1 0 6/25 17:15 2:53 0:00
Pernell Karl Subban 0 1 1 1 0 0 2 0 0 2 0/0 22:17 2:30 2:11
Ryan Smyth 1 0 1 2 0 4 0 0 0 0 0/0 9:00 0:07 1:26
Players Stats for Predators
Player Name G A P +/- PIM S H SB GA TA FO MP PP MP PK MP
------------------------------------------------------------------------------------
Adam Burish 1 0 1 0 0 3 0 0 1 0 0/0 13:16 0:00 3:46
Alexander Edler 0 1 1 2 0 1 0 2 0 1 0/0 28:41 2:28 3:46
Alexander Ovechkin 0 2 2 -1 0 6 1 0 3 0 4/8 24:07 2:14 3:40
Alexander Steen 0 0 0 -1 0 1 1 0 0 0 1/1 17:14 2:00 1:09
Andy Miele 0 0 0 -1 0 1 1 0 1 0 2/4 6:41 0:00 0:00
Barret Jackman 0 0 0 -2 0 0 0 0 0 0 0/0 11:11 0:00 0:00
Brett Clark 0 0 0 -2 0 0 2 0 0 0 0/0 14:18 0:00 2:37
Byron Bitz 0 0 0 -1 4 3 0 0 1 0 1/1 17:13 1:44 0:54
Chris Lawrence 0 0 0 -1 0 1 1 0 0 0 0/0 8:15 0:00 1:34
Dmitri Kalinin 0 0 0 -3 0 0 0 1 0 0 0/0 17:01 1:46 0:00
James Van Riemsdyk 0 1 1 0 0 0 2 0 0 0 0/1 10:34 0:03 0:00
John Moore 0 0 0 -3 0 1 0 1 0 1 0/0 20:08 1:46 2:37
Justin Abdelkader 0 0 0 -1 0 0 0 0 0 0 1/1 7:23 0:00 0:00
Marc Savard 0 1 1 -1 0 2 4 1 0 0 22/36 17:05 0:00 0:00
Mikael Granlund 0 0 0 0 0 0 1 0 0 0 3/6 12:11 2:00 0:06
Niclas Bergfors 2 0 2 -1 6 9 1 0 2 0 0/1 19:42 2:30 0:00
Ryan Kesler 0 0 0 -1 0 2 2 1 1 1 7/11 18:08 2:11 1:37
Ryan Mcdonagh 0 0 0 2 0 1 2 2 1 1 0/0 28:41 2:28 3:46
3 Stars
1 - Dan Boyle (Col)
2 - Corey Perry (Col)
3 - Kyle Turris (Col)
Power Play
Avalanche - 1 on 5 Attempt(s) - 20.00%
Predators - 0 on 3 Attempt(s) - 0.00%
Penalty Kill
Avalanche - 3 on 3 Attempt(s) - 100.00%
- Score 0 goal in Penalty Kill
Predators - 4 on 5 Attempt(s) - 80.00%
- Score 0 goal in Penalty Kill
Team Stat
Avalanche - Hits : 20 - Faceoff Wins : 29 - Blocked Shots : 6 - Penalty Minutes : 6
Predators - Hits : 18 - Faceoff Wins : 41 - Blocked Shots : 8 - Penalty Minutes : 10
Official
Referees : Charron Francis and Morton Dean
Linesman : Lonnie Cameron and Derek Amell
Game Notes
Chad Johnson enters game at 8:43 of 3rd period
Finance
Level 1 -- Attendance: 5766 (96.10%) -- Ticket Income $507,408
Level 2 -- Attendance: 5000 (100.00%) -- Ticket Income $270,000
Level 3 -- Attendance: 1910 (95.50%) -- Ticket Income $64,940
Level 4 -- Attendance: 4000 (100.00%) -- Ticket Income $104,000
Luxury Box -- Attendance: 816 (81.60%) -- Ticket Income $138,720
Game was played at the Wildcat center.
Total Attendance: 17492 (97.18%)
Total Ticket Income: $1,085,068
Other Income: $162,760
Total Income: $1,247,828
Avalanche
5 vs 5 Forward
Center Left Wing Right Wing Time % Phy DF OF
1 Bryan Little Mikkel Boedker Corey Perry 30 0 2 2
2 Paul Stastny Andrei Kostitsyn Brandon Yip 30 1 2 2
3 Chris Drury Andrew Ladd Alexander Radulov 25 1 2 2
4 Kyle Turris Ryan Smyth Chuck Kobasew 15 1 2 2
5 vs 5 Defense
Defense Defense Time % Phy DF OF
1 Jack Johnson Marc Staal 35 1 2 2
2 Pernell Karl Subban Jay Bouwmeester 35 1 2 2
3 Dan Boyle Johnny Boychuk 30 1 2 2
4 Jack Johnson Marc Staal 0 1 2 2
PowerPlay Forward
Center Left Wing Right Wing Time % Phy DF OF
1 Bryan Little Mikkel Boedker Corey Perry 60 1 2 2
2 Paul Stastny Andrei Kostitsyn Alexander Radulov 40 1 2 2
PowerPlay Defense
Defense Defense Time % Phy DF OF
1 Dan Boyle Jay Bouwmeester 60 1 2 2
2 Pernell Karl Subban Jack Johnson 40 1 2 2
Penalty Kill 4 Players Forward
Center Wing Time % Phy DF OF
1 Andrew Ladd Chuck Kobasew 60 1 2 2
2 Chris Drury Ryan Smyth 40 1 2 2
Penalty Kill 4 Players Defense
Defense Defense Time % Phy DF OF
1 Pernell Karl Subban Marc Staal 60 1 2 2
2 Jack Johnson Johnny Boychuk 40 1 2 2
Penalty Kill - 3 Players Forward
Forward Time % Phy DF OF
1 Chuck Kobasew 60 1 2 2
2 Ryan Smyth 40 1 2 2
Penalty Kill - 3 Players Defense
Defense Defense Time % Phy DF OF
1 Jack Johnson Marc Staal 60 1 2 2
2 Pernell Karl Subban Johnny Boychuk 40 1 2 2
4 vs 4 Forward
Center Wing Time % Phy DF OF
1 Bryan Little Corey Perry 60 1 2 2
2 Mikkel Boedker Andrei Kostitsyn 40 1 2 2
4 vs 4 Defense
Defense Defense Time % Phy DF OF
1 Jack Johnson Marc Staal 60 1 2 2
2 Pernell Karl Subban Jay Bouwmeester 40 1 2 2
Last Minutes Offensive
Center Left Wing Right Wing Defense Defense
Bryan Little Mikkel Boedker Corey Perry Jack Johnson Dan Boyle
Last Minutes Defensive
Center Left Wing Right Wing Defense Defense
Chris Drury Andrew Ladd Chuck Kobasew Jack Johnson Marc Staal
Goaltenders
Starting : Semyon Varlamov
Backup : Hannu Toivonen
Extra Forwards
Normal : Andrei Kostitsyn, Andrew Ladd, Alexander Radulov - PP : Paul Stastny, Andrew Ladd - PK : Alexander Radulov
Extra Defensemen
Normal : Dan Boyle, Johnny Boychuk, Pernell Karl Subban - PP : Dan Boyle - PK : Johnny Boychuk, Pernell Karl Subban
Penalty Shots
Bryan Little, Corey Perry, Mikkel Boedker, Andrei Kostitsyn, Paul Stastny
Scratches
Mike Comrie (Right Hip Injury)
Predators
5 vs 5 Forward
Center Left Wing Right Wing Time % Phy DF OF
1 Marc Savard Alexander Ovechkin Niclas Bergfors 40 1 2 2
2 Ryan Kesler Alexander Steen Byron Bitz 30 1 2 2
3 Mikael Granlund James Van Riemsdyk Adam Burish 20 1 2 2
4 Andy Miele Justin Abdelkader Chris Lawrence 10 1 2 2
5 vs 5 Defense
Defense Defense Time % Phy DF OF
1 Ryan Mcdonagh Alexander Edler 40 1 2 2
2 John Moore Dmitri Kalinin 30 1 2 2
3 Brett Clark Barret Jackman 20 1 2 2
4 Ryan Mcdonagh Alexander Edler 10 1 2 2
PowerPlay Forward
Center Left Wing Right Wing Time % Phy DF OF
1 Ryan Kesler Alexander Ovechkin Niclas Bergfors 60 1 0 4
2 Mikael Granlund Alexander Steen Byron Bitz 40 1 0 4
PowerPlay Defense
Defense Defense Time % Phy DF OF
1 Ryan Mcdonagh Alexander Edler 60 1 1 3
2 John Moore Dmitri Kalinin 40 1 1 3
Penalty Kill 4 Players Forward
Center Wing Time % Phy DF OF
1 Alexander Ovechkin Adam Burish 60 1 2 2
2 Ryan Kesler Byron Bitz 40 1 2 2
Penalty Kill 4 Players Defense
Defense Defense Time % Phy DF OF
1 Ryan Mcdonagh Alexander Edler 60 1 2 2
2 John Moore Brett Clark 40 1 2 2
Penalty Kill - 3 Players Forward
Forward Time % Phy DF OF
1 Byron Bitz 60 1 2 2
2 Adam Burish 40 1 2 2
Penalty Kill - 3 Players Defense
Defense Defense Time % Phy DF OF
1 Ryan Mcdonagh Alexander Edler 60 1 2 2
2 John Moore Brett Clark 40 1 2 2
4 vs 4 Forward
Center Wing Time % Phy DF OF
1 Alexander Ovechkin Niclas Bergfors 60 1 2 2
2 Ryan Kesler Byron Bitz 40 1 2 2
4 vs 4 Defense
Defense Defense Time % Phy DF OF
1 Ryan Mcdonagh Alexander Edler 60 1 2 2
2 John Moore Dmitri Kalinin 40 1 2 2
Last Minutes Offensive
Center Left Wing Right Wing Defense Defense
Ryan Kesler Alexander Ovechkin Niclas Bergfors Ryan Mcdonagh Alexander Edler
Last Minutes Defensive
Center Left Wing Right Wing Defense Defense
Ryan Kesler Alexander Ovechkin Niclas Bergfors Ryan Mcdonagh Alexander Edler
Goaltenders
Starting : Viktor Fasth
Backup : Chad Johnson
Extra Forwards
Normal : James Van Riemsdyk, Justin Abdelkader, Mikael Granlund - PP : James Van Riemsdyk, Justin Abdelkader - PK : Chris Lawrence
Extra Defensemen
Normal : Dmitri Kalinin, Barret Jackman, John Moore - PP : Dmitri Kalinin - PK : Barret Jackman, John Moore
Penalty Shots
Alexander Ovechkin, Niclas Bergfors, Ryan Kesler, Byron Bitz, Alexander Steen
Scratches
Kris Vernarsky (Healthy)
% Time on Ice - Avalanche
Lines # - Real PCT - Wanted PCT - Time Play
Normal Forward
1 - 30% - 30% - 14:26
2 - 30% - 30% - 14:22
3 - 25% - 25% - 11:42
4 - 15% - 15% - 7:10
Normal Defense
1 - 36% - 35% - 17:05
2 - 34% - 35% - 16:15
3 - 28% - 30% - 13:23
4 - 2% - 0% - 0:57
PP Forward
1 - 55% - 60% - 3:30
2 - 45% - 40% - 2:53
PP Defense
1 - 61% - 60% - 3:53
2 - 39% - 40% - 2:30
PK Forward
1 - 68% - 60% - 2:53
2 - 32% - 40% - 1:21
PK Defense
1 - 58% - 60% - 2:27
2 - 42% - 40% - 1:47
PK3 Forward
1 - 0% - 60%
2 - 0% - 40%
PK3 Defense
1 - 0% - 60%
2 - 0% - 40%
44 Forward
1 - 64% - 60% - 1:06
2 - 36% - 40% - 0:37
44 Defense
1 - 63% - 60% - 1:05
2 - 37% - 40% - 0:38
Last Minute Offensive - 0:00
Last Minute Defensive - 0:00
Total
Forward - 60:00
Defense - 60:00
|
% Time on Ice - Predators
Lines # - Real PCT - Wanted PCT - Time Play
Normal Forward
1 - 36% - 40% - 17:15
2 - 29% - 30% - 14:00
3 - 20% - 20% - 9:44
4 - 14% - 10% - 6:41
Normal Defense
1 - 40% - 40% - 19:17
2 - 32% - 30% - 15:21
3 - 22% - 20% - 10:41
4 - 5% - 10% - 2:21
PP Forward
1 - 59% - 60% - 2:30
2 - 41% - 40% - 1:44
PP Defense
1 - 58% - 60% - 2:28
2 - 42% - 40% - 1:46
PK Forward
1 - 75% - 60% - 4:46
2 - 25% - 40% - 1:37
PK Defense
1 - 59% - 60% - 3:46
2 - 41% - 40% - 2:37
PK3 Forward
1 - 0% - 60%
2 - 0% - 40%
PK3 Defense
1 - 0% - 60%
2 - 0% - 40%
44 Forward
1 - 78% - 60% - 1:20
2 - 22% - 40% - 0:23
44 Defense
1 - 48% - 60% - 0:49
2 - 52% - 40% - 0:54
Last Minute Offensive - 0:00
Last Minute Defensive - 0:00
Total
Forward - 60:00
Defense - 60:00
|
Play by Play
1st period
0:01 of 1st period - Bryan Little wins face-off versus Marc Savard in neutral zone.
0:49 of 1st period - Snap shot by Andy Miele.
0:49 of 1st period - Stopped by Semyon Varlamov without a rebound.
0:50 of 1st period - Chris Drury wins face-off versus Andy Miele in Avalanche zone.
1:24 of 1st period - Slapshot by Jay Bouwmeester.
1:24 of 1st period - Stopped by Viktor Fasth without a rebound.
1:25 of 1st period - Marc Savard wins face-off versus Bryan Little in Predators zone.
1:25 of 1st period - Marc Savard is hit by Bryan Little.
1:35 of 1st period - Wrist shot by Niclas Bergfors.
1:35 of 1st period - Shot Misses the Net.
1:51 of 1st period - Ryan Kesler is hit by Brandon Yip and loses puck.
2:00 of 1st period - Snap shot by Ryan Kesler.
2:00 of 1st period - Stopped by Semyon Varlamov without a rebound.
2:01 of 1st period - Kyle Turris wins face-off versus Marc Savard in Avalanche zone.
2:47 of 1st period - Wrist shot by Andrei Kostitsyn.
2:47 of 1st period - Shot Blocked by Ryan Kesler.
2:49 of 1st period - Slapshot by Marc Staal.
2:49 of 1st period - Stopped by Viktor Fasth without a rebound.
2:50 of 1st period - Ryan Kesler wins face-off versus Paul Stastny in Predators zone.
2:58 of 1st period - Snap shot by Andrei Kostitsyn.
2:58 of 1st period - Shot Misses the Net.
3:12 of 1st period - Snap shot by Andrei Kostitsyn.
3:12 of 1st period - Stopped by Viktor Fasth with a rebound.
3:33 of 1st period - Wrist shot by Paul Stastny.
3:33 of 1st period - Shot Blocked by John Moore.
3:43 of 1st period - Slapshot by Andrei Kostitsyn.
3:43 of 1st period - Shot Misses the Net.
3:45 of 1st period - Slapshot by Marc Staal.
3:45 of 1st period - Deflect By Andrei Kostitsyn.
3:45 of 1st period - Stopped by Viktor Fasth without a rebound.
3:46 of 1st period - Marc Savard wins face-off versus Bryan Little in Predators zone.
4:09 of 1st period - Minor Penalty to Niclas Bergfors for Tripping.
4:10 of 1st period - Alexander Ovechkin wins face-off versus Bryan Little in Predators zone.
4:16 of 1st period - Icing by Jay Bouwmeester.
4:17 of 1st period - Alexander Ovechkin wins face-off versus Bryan Little in Avalanche zone.
4:18 of 1st period - Snap shot by Adam Burish.
4:18 of 1st period - Deflect By Alexander Ovechkin.
4:18 of 1st period - Stopped by Semyon Varlamov without a rebound.
4:19 of 1st period - Bryan Little wins face-off versus Alexander Ovechkin in Avalanche zone.
4:25 of 1st period - Minor Penalty to Mikkel Boedker for Holding.
4:26 of 1st period - Alexander Ovechkin wins face-off versus Bryan Little in Avalanche zone.
4:41 of 1st period - Wrist shot by Corey Perry.
4:41 of 1st period - Shot Misses the Net.
5:03 of 1st period - Snap shot by Andrew Ladd.
5:03 of 1st period - Shot Blocked by Ryan Mcdonagh.
5:41 of 1st period - John Moore is hit by Andrei Kostitsyn and loses puck.
6:08 of 1st period - Slapshot by Alexander Edler.
6:08 of 1st period - Shot Blocked by Alexander Radulov.
6:09 of 1st period - Penalty to Niclas Bergfors is over, Niclas Bergfors is back on ice.
6:14 of 1st period - Slapshot by Alexander Edler.
6:14 of 1st period - Shot Misses the Net.
6:22 of 1st period - Slapshot by Niclas Bergfors.
6:22 of 1st period - Shot Misses the Net.
6:24 of 1st period - Slapshot by Alexander Edler.
6:24 of 1st period - Stopped by Semyon Varlamov without a rebound.
6:25 of 1st period - Penalty to Mikkel Boedker is over, Mikkel Boedker is back on ice.
6:25 of 1st period - Andy Miele wins face-off versus Kyle Turris in Avalanche zone.
6:58 of 1st period - Alexander Edler is hit by Brandon Yip and loses puck.
7:15 of 1st period - Bryan Little is hit by Ryan Mcdonagh and loses puck.
8:23 of 1st period - Snap shot by Paul Stastny.
8:23 of 1st period - Shot Misses the Net.
8:33 of 1st period - Marc Staal is hit by Niclas Bergfors and loses puck.
9:13 of 1st period - Backhand shot by Jack Johnson.
9:13 of 1st period - Deflect By Ryan Mcdonagh.
9:13 of 1st period - Stopped by Viktor Fasth without a rebound.
9:14 of 1st period - Kyle Turris wins face-off versus Andy Miele in Predators zone.
9:48 of 1st period - Snap shot by Niclas Bergfors.
9:48 of 1st period - Stopped by Semyon Varlamov without a rebound.
9:49 of 1st period - Marc Savard wins face-off versus Chris Drury in Avalanche zone.
9:50 of 1st period - Snap shot by Niclas Bergfors.
9:50 of 1st period - Shot Misses the Net.
9:52 of 1st period - Slapshot by Ryan Mcdonagh.
9:52 of 1st period - Deflect By Niclas Bergfors.
9:52 of 1st period - Stopped by Semyon Varlamov without a rebound.
9:53 of 1st period - Marc Savard wins face-off versus Chris Drury in Avalanche zone.
9:56 of 1st period - Slapshot by Niclas Bergfors.
9:56 of 1st period - Goal by Niclas Bergfors - Avalanche : 0 - Predators : 1.
9:57 of 1st period - Chris Drury wins face-off versus Marc Savard in neutral zone.
11:32 of 1st period - Slapshot by Ryan Mcdonagh.
11:32 of 1st period - Shot Misses the Net.
11:34 of 1st period - Backhand shot by Ryan Mcdonagh.
11:34 of 1st period - Stopped by Semyon Varlamov with a rebound.
11:46 of 1st period - Snap shot by Ryan Kesler.
11:46 of 1st period - Shot Blocked by Andrew Ladd.
11:48 of 1st period - Slapshot by Dmitri Kalinin.
11:48 of 1st period - Shot Blocked by Chris Drury.
11:50 of 1st period - Snap shot by Alexander Steen.
11:50 of 1st period - Stopped by Semyon Varlamov without a rebound.
11:51 of 1st period - Alexander Steen wins face-off versus Bryan Little in Avalanche zone.
12:22 of 1st period - Wrist shot by Paul Stastny.
12:22 of 1st period - Stopped by Viktor Fasth without a rebound.
12:23 of 1st period - Marc Savard wins face-off versus Paul Stastny in Predators zone.
12:34 of 1st period - Snap shot by Andrei Kostitsyn.
12:34 of 1st period - Shot Blocked by Dmitri Kalinin.
12:36 of 1st period - Slapshot by Pernell Karl Subban.
12:36 of 1st period - Shot Blocked by Marc Savard.
13:13 of 1st period - Alexander Steen is hit by Marc Staal and loses puck.
13:48 of 1st period - Icing by Justin Abdelkader.
13:49 of 1st period - Marc Savard wins face-off versus Paul Stastny in Predators zone.
13:49 of 1st period - Marc Savard is hit by Jack Johnson.
14:01 of 1st period - Snap shot by Niclas Bergfors.
14:01 of 1st period - Stopped by Semyon Varlamov with a rebound.
14:03 of 1st period - Snap shot by Marc Savard.
14:03 of 1st period - Stopped by Semyon Varlamov without a rebound.
14:04 of 1st period - Marc Savard wins face-off versus Bryan Little in Avalanche zone.
14:09 of 1st period - Wrist shot by Alexander Ovechkin.
14:09 of 1st period - Shot Blocked by Bryan Little.
14:38 of 1st period - Snap shot by Andrew Ladd.
14:38 of 1st period - Stopped by Viktor Fasth with a rebound.
15:23 of 1st period - Snap shot by Alexander Ovechkin.
15:23 of 1st period - Stopped by Semyon Varlamov without a rebound.
15:24 of 1st period - Marc Savard wins face-off versus Bryan Little in Avalanche zone.
15:28 of 1st period - Minor Penalty to Bryan Little for Interference.
15:29 of 1st period - Andrew Ladd wins face-off versus Ryan Kesler in Avalanche zone.
15:41 of 1st period - Slapshot by Alexander Edler.
15:41 of 1st period - Shot Misses the Net.
16:38 of 1st period - Ryan Kesler is hit by Alexander Radulov.
17:04 of 1st period - Andrew Ladd is hit by Alexander Steen and loses puck.
17:28 of 1st period - Penalty to Bryan Little is over, Bryan Little is back on ice.
17:49 of 1st period - Off-side.
17:50 of 1st period - Andy Miele wins face-off versus Bryan Little in neutral zone.
18:46 of 1st period - Snap shot by Andrew Ladd.
18:46 of 1st period - Stopped by Viktor Fasth with a rebound.
18:48 of 1st period - Snap shot by Alexander Radulov.
18:48 of 1st period - Stopped by Viktor Fasth with a rebound.
Goals for this period are 0 for Avalanche vs 1 for Predators.
Shots for this period are 9 for Avalanche vs 12 for Predators.
2nd period
0:01 of 2nd period - Chris Drury wins face-off versus Niclas Bergfors in neutral zone.
0:06 of 2nd period - Wrist shot by Alexander Radulov.
0:06 of 2nd period - Shot Misses the Net.
0:08 of 2nd period - Slapshot by Jack Johnson.
0:08 of 2nd period - Deflect By Chris Drury.
0:08 of 2nd period - Stopped by Viktor Fasth without a rebound.
0:09 of 2nd period - Marc Savard wins face-off versus Chris Drury in Predators zone.
0:14 of 2nd period - Wrist shot by Chris Drury.
0:14 of 2nd period - Deflect By Alexander Radulov.
0:14 of 2nd period - Shot Misses the Net.
0:14 of 2nd period - Puck is out of play.
0:15 of 2nd period - Bryan Little wins face-off versus Marc Savard in Predators zone.
0:20 of 2nd period - Snap shot by Bryan Little.
0:20 of 2nd period - Shot Misses the Net.
0:22 of 2nd period - Minor Penalty to Niclas Bergfors for Hooking.
0:23 of 2nd period - Bryan Little wins face-off versus Alexander Ovechkin in Predators zone.
1:45 of 2nd period - Icing by Jack Johnson.
1:46 of 2nd period - Paul Stastny wins face-off versus Ryan Kesler in Avalanche zone.
2:22 of 2nd period - Penalty to Niclas Bergfors is over, Niclas Bergfors is back on ice.
2:39 of 2nd period - Snap shot by Ryan Smyth.
2:39 of 2nd period - Shot Misses the Net.
2:41 of 2nd period - Wrist shot by Ryan Smyth.
2:41 of 2nd period - Goal by Ryan Smyth - Avalanche : 1 - Predators : 1.
2:42 of 2nd period - Marc Savard wins face-off versus Bryan Little in neutral zone.
2:45 of 2nd period - Slapshot by Alexander Edler.
2:45 of 2nd period - Shot Blocked by Corey Perry.
2:49 of 2nd period - Snap shot by Marc Savard.
2:49 of 2nd period - Stopped by Semyon Varlamov without a rebound.
2:50 of 2nd period - Marc Savard wins face-off versus Bryan Little in Avalanche zone.
3:01 of 2nd period - Snap shot by Marc Savard.
3:01 of 2nd period - Shot Misses the Net.
3:17 of 2nd period - Alexander Edler is hit by Corey Perry and loses puck.
3:44 of 2nd period - Wrist shot by Niclas Bergfors.
3:44 of 2nd period - Stopped by Semyon Varlamov with a rebound.
4:06 of 2nd period - Wrist shot by Corey Perry.
4:06 of 2nd period - Shot Blocked by Alexander Edler.
4:08 of 2nd period - Slapshot by Jack Johnson.
4:08 of 2nd period - Shot Blocked by Alexander Edler.
4:10 of 2nd period - Snap shot by Mikkel Boedker.
4:10 of 2nd period - Shot Misses the Net.
4:16 of 2nd period - Mikkel Boedker is hit by Alexander Ovechkin and loses puck.
4:29 of 2nd period - Slapshot by Niclas Bergfors.
4:29 of 2nd period - Goal by Niclas Bergfors - Avalanche : 1 - Predators : 2.
4:30 of 2nd period - Ryan Kesler wins face-off versus Paul Stastny in neutral zone.
4:55 of 2nd period - Alexander Radulov is hit by Mikael Granlund and loses puck.
5:26 of 2nd period - Off-side.
5:27 of 2nd period - Byron Bitz wins face-off versus Paul Stastny in neutral zone.
5:30 of 2nd period - Slapshot by Ryan Kesler.
5:30 of 2nd period - Stopped by Semyon Varlamov with a rebound.
6:00 of 2nd period - Snap shot by Ryan Smyth.
6:00 of 2nd period - Stopped by Viktor Fasth with a rebound.
6:33 of 2nd period - Off-side.
6:34 of 2nd period - Paul Stastny wins face-off versus Mikael Granlund in neutral zone.
6:44 of 2nd period - Off-side.
6:45 of 2nd period - Paul Stastny wins face-off versus Marc Savard in neutral zone.
6:47 of 2nd period - Off-side.
6:48 of 2nd period - Paul Stastny wins face-off versus Marc Savard in neutral zone.
8:12 of 2nd period - Slapshot by Dan Boyle.
8:12 of 2nd period - Stopped by Viktor Fasth without a rebound.
8:13 of 2nd period - Ryan Kesler wins face-off versus Paul Stastny in Predators zone.
8:46 of 2nd period - Slapshot by Marc Savard.
8:46 of 2nd period - Shot Misses the Net.
8:48 of 2nd period - Snap shot by Niclas Bergfors.
8:48 of 2nd period - Shot Misses the Net.
9:45 of 2nd period - Ryan Kesler is hit by Brandon Yip and loses puck.
9:54 of 2nd period - Pernell Karl Subban is hit by Brett Clark and loses puck.
10:13 of 2nd period - Slapshot by Alexander Radulov.
10:13 of 2nd period - Stopped by Viktor Fasth with a rebound.
10:38 of 2nd period - Off-side.
10:39 of 2nd period - Ryan Kesler wins face-off versus Paul Stastny in neutral zone.
11:06 of 2nd period - Slapshot by Mikkel Boedker.
11:06 of 2nd period - Shot Misses the Net.
11:34 of 2nd period - Wrist shot by Niclas Bergfors.
11:34 of 2nd period - Shot Misses the Net.
11:36 of 2nd period - Snap shot by Marc Savard.
11:36 of 2nd period - Shot Misses the Net.
12:17 of 2nd period - Wrist shot by Chuck Kobasew.
12:17 of 2nd period - Stopped by Viktor Fasth without a rebound.
12:18 of 2nd period - Kyle Turris wins face-off versus Marc Savard in Predators zone.
12:21 of 2nd period - Slapshot by Ryan Smyth.
12:21 of 2nd period - Deflect By Chuck Kobasew.
12:21 of 2nd period - Shot Misses the Net.
12:21 of 2nd period - Puck is out of play.
12:22 of 2nd period - Chris Drury wins face-off versus Marc Savard in Predators zone.
12:25 of 2nd period - Wrist shot by Andrew Ladd.
12:25 of 2nd period - Deflect By Alexander Radulov.
12:25 of 2nd period - Stopped by Viktor Fasth with a rebound.
12:33 of 2nd period - Wrist shot by Alexander Ovechkin.
12:33 of 2nd period - Stopped by Semyon Varlamov with a rebound.
12:39 of 2nd period - Snap shot by Niclas Bergfors.
12:39 of 2nd period - Shot Misses the Net.
12:57 of 2nd period - Snap shot by Paul Stastny.
12:57 of 2nd period - Goal by Paul Stastny - Avalanche : 2 - Predators : 2.
12:58 of 2nd period - Marc Savard wins face-off versus Paul Stastny in neutral zone.
13:21 of 2nd period - Minor Penalty to Andrei Kostitsyn for Roughing.
13:22 of 2nd period - Ryan Kesler wins face-off versus Andrew Ladd in Avalanche zone.
13:56 of 2nd period - Mikael Granlund is hit by Marc Staal and loses puck.
14:07 of 2nd period - Slapshot by Byron Bitz.
14:07 of 2nd period - Stopped by Semyon Varlamov without a rebound.
14:08 of 2nd period - Chris Drury wins face-off versus Ryan Kesler in Avalanche zone.
15:09 of 2nd period - Ryan Mcdonagh is hit by Pernell Karl Subban and loses puck.
15:21 of 2nd period - Penalty to Andrei Kostitsyn is over, Andrei Kostitsyn is back on ice.
16:12 of 2nd period - Alexander Radulov is hit by Ryan Kesler and loses puck.
16:51 of 2nd period - Chris Lawrence is hit by Kyle Turris and loses puck.
17:00 of 2nd period - Slapshot by Ryan Smyth.
17:00 of 2nd period - Stopped by Viktor Fasth with a rebound.
17:02 of 2nd period - Slapshot by Jay Bouwmeester.
17:02 of 2nd period - Shot Misses the Net.
18:14 of 2nd period - Marc Savard is hit by Paul Stastny and loses puck.
18:54 of 2nd period - Brett Clark is hit by Corey Perry and loses puck.
19:31 of 2nd period - Snap shot by Marc Savard.
19:31 of 2nd period - Shot Blocked by Kyle Turris.
19:56 of 2nd period - Andrew Ladd is hit by Chris Lawrence and loses puck.
Goals for this period are 2 for Avalanche vs 1 for Predators.
Shots for this period are 9 for Avalanche vs 6 for Predators.
3rd period
0:01 of 3rd period - Bryan Little wins face-off versus Marc Savard in neutral zone.
0:12 of 3rd period - Snap shot by Mikkel Boedker.
0:12 of 3rd period - Stopped by Viktor Fasth without a rebound.
0:13 of 3rd period - Marc Savard wins face-off versus Paul Stastny in Predators zone.
0:15 of 3rd period - Minor Penalty to Niclas Bergfors for Cross-checking.
0:16 of 3rd period - Alexander Ovechkin wins face-off versus Bryan Little in Predators zone.
0:53 of 3rd period - Snap shot by Alexander Radulov.
0:53 of 3rd period - Shot Misses the Net.
1:22 of 3rd period - Pernell Karl Subban is hit by Brett Clark and loses puck.
2:15 of 3rd period - Penalty to Niclas Bergfors is over, Niclas Bergfors is back on ice.
2:25 of 3rd period - Snap shot by Ryan Smyth.
2:25 of 3rd period - Stopped by Viktor Fasth without a rebound.
2:26 of 3rd period - Justin Abdelkader wins face-off versus Kyle Turris in Predators zone.
2:41 of 3rd period - Jack Johnson is hit by Andy Miele and loses puck.
2:50 of 3rd period - Snap shot by Chris Lawrence.
2:50 of 3rd period - Stopped by Semyon Varlamov without a rebound.
2:51 of 3rd period - Bryan Little wins face-off versus Marc Savard in Avalanche zone.
2:51 of 3rd period - Bryan Little is hit by Marc Savard.
3:07 of 3rd period - Snap shot by Mikkel Boedker.
3:07 of 3rd period - Goal by Mikkel Boedker - Avalanche : 3 - Predators : 2.
3:08 of 3rd period - Marc Savard wins face-off versus Paul Stastny in neutral zone.
3:19 of 3rd period - Snap shot by Alexander Ovechkin.
3:19 of 3rd period - Stopped by Semyon Varlamov with a rebound.
3:24 of 3rd period - Off-side.
3:25 of 3rd period - Ryan Kesler wins face-off versus Chris Drury in neutral zone.
3:50 of 3rd period - Niclas Bergfors is hit by Pernell Karl Subban and loses puck.
3:57 of 3rd period - Snap shot by Andrei Kostitsyn.
3:57 of 3rd period - Stopped by Viktor Fasth without a rebound.
3:58 of 3rd period - Marc Savard wins face-off versus Bryan Little in Predators zone.
3:58 of 3rd period - Marc Savard is hit by Corey Perry.
4:08 of 3rd period - Wrist shot by Alexander Ovechkin.
4:08 of 3rd period - Stopped by Semyon Varlamov without a rebound.
4:09 of 3rd period - Marc Savard wins face-off versus Paul Stastny in Avalanche zone.
4:20 of 3rd period - Wrist shot by Niclas Bergfors.
4:20 of 3rd period - Stopped by Semyon Varlamov with a rebound.
4:24 of 3rd period - Snap shot by Niclas Bergfors.
4:24 of 3rd period - Shot Misses the Net.
4:36 of 3rd period - Jay Bouwmeester is hit by Ryan Mcdonagh and loses puck.
4:43 of 3rd period - Snap shot by Byron Bitz.
4:43 of 3rd period - Shot Misses the Net.
4:45 of 3rd period - Slapshot by John Moore.
4:45 of 3rd period - Deflect By Jay Bouwmeester.
4:45 of 3rd period - Stopped by Semyon Varlamov without a rebound.
4:46 of 3rd period - Bryan Little wins face-off versus Mikael Granlund in Avalanche zone.
5:15 of 3rd period - Icing by Mikael Granlund.
5:16 of 3rd period - Paul Stastny wins face-off versus James Van Riemsdyk in Predators zone.
5:33 of 3rd period - Wrist shot by James Van Riemsdyk.
5:33 of 3rd period - Shot Misses the Net.
5:35 of 3rd period - Wrist shot by Adam Burish.
5:35 of 3rd period - Goal by Adam Burish - Avalanche : 3 - Predators : 3.
5:36 of 3rd period - Bryan Little wins face-off versus Marc Savard in neutral zone.
6:24 of 3rd period - Slapshot by Ryan Smyth.
6:24 of 3rd period - Shot Misses the Net.
6:34 of 3rd period - Slapshot by Jack Johnson.
6:34 of 3rd period - Shot Blocked by Ryan Mcdonagh.
6:52 of 3rd period - Slapshot by Byron Bitz.
6:52 of 3rd period - Stopped by Semyon Varlamov with a rebound.
7:02 of 3rd period - Minor Penalty to Byron Bitz for High sticking.
7:03 of 3rd period - Bryan Little wins face-off versus Alexander Ovechkin in Predators zone.
7:12 of 3rd period - Slapshot by Corey Perry.
7:12 of 3rd period - Goal by Corey Perry - Avalanche : 4 - Predators : 3.
7:13 of 3rd period - Chris Drury wins face-off versus Marc Savard in neutral zone.
7:22 of 3rd period - Wrist shot by Andrew Ladd.
7:22 of 3rd period - Deflect By Alexander Radulov.
7:22 of 3rd period - Stopped by Viktor Fasth with a rebound.
7:24 of 3rd period - Snap shot by Chris Drury.
7:24 of 3rd period - Deflect By Alexander Radulov.
7:24 of 3rd period - Goal by Alexander Radulov - Avalanche : 5 - Predators : 3.
7:25 of 3rd period - Marc Savard wins face-off versus Paul Stastny in neutral zone.
7:59 of 3rd period - Snap shot by Mikkel Boedker.
7:59 of 3rd period - Stopped by Viktor Fasth with a rebound.
8:01 of 3rd period - Snap shot by Corey Perry.
8:01 of 3rd period - Stopped by Viktor Fasth with a rebound.
8:23 of 3rd period - Wrist shot by James Van Riemsdyk.
8:23 of 3rd period - Shot Misses the Net.
8:43 of 3rd period - Backhand shot by Kyle Turris.
8:43 of 3rd period - Goal by Kyle Turris - Avalanche : 6 - Predators : 3.
8:43 of 3rd period - Chad Johnson enters game.
8:44 of 3rd period - Brandon Yip wins face-off versus Marc Savard in neutral zone.
8:49 of 3rd period - Snap shot by Brandon Yip.
8:49 of 3rd period - Goal by Brandon Yip - Avalanche : 7 - Predators : 3.
8:50 of 3rd period - Marc Savard wins face-off versus Paul Stastny in neutral zone.
9:42 of 3rd period - Wrist shot by Alexander Radulov.
9:42 of 3rd period - Shot Misses the Net.
9:44 of 3rd period - Snap shot by Chris Drury.
9:44 of 3rd period - Deflect By Andrew Ladd.
9:44 of 3rd period - Shot Misses the Net.
9:44 of 3rd period - Puck is out of play.
9:45 of 3rd period - Marc Savard wins face-off versus Paul Stastny in Predators zone.
9:50 of 3rd period - Brandon Yip is hit by Marc Savard and loses puck.
10:05 of 3rd period - Dan Boyle is hit by Marc Savard and loses puck.
10:40 of 3rd period - Wrist shot by Adam Burish.
10:40 of 3rd period - Stopped by Semyon Varlamov with a rebound.
10:44 of 3rd period - Backhand shot by James Van Riemsdyk.
10:44 of 3rd period - Shot Misses the Net.
10:46 of 3rd period - Snap shot by Adam Burish.
10:46 of 3rd period - Stopped by Semyon Varlamov without a rebound.
10:47 of 3rd period - Marc Savard wins face-off versus Paul Stastny in Avalanche zone.
10:48 of 3rd period - Snap shot by Alexander Ovechkin.
10:48 of 3rd period - Shot Misses the Net.
10:58 of 3rd period - Slapshot by Andrei Kostitsyn.
10:58 of 3rd period - Stopped by Chad Johnson without a rebound.
10:59 of 3rd period - Bryan Little wins face-off versus Marc Savard in Predators zone.
11:08 of 3rd period - Corey Perry is hit by Marc Savard and loses puck.
11:37 of 3rd period - Wrist shot by Byron Bitz.
11:37 of 3rd period - Stopped by Semyon Varlamov without a rebound.
11:38 of 3rd period - Mikael Granlund wins face-off versus Paul Stastny in Avalanche zone.
12:07 of 3rd period - Barret Jackman is hit by Jack Johnson and loses puck.
12:35 of 3rd period - Off-side.
12:36 of 3rd period - Mikael Granlund wins face-off versus Paul Stastny in neutral zone.
12:43 of 3rd period - Wrist shot by James Van Riemsdyk.
12:43 of 3rd period - Deflect By Andrei Kostitsyn.
12:43 of 3rd period - Shot Misses the Net.
12:43 of 3rd period - Puck is out of play.
12:44 of 3rd period - Paul Stastny wins face-off versus Mikael Granlund in Avalanche zone.
12:55 of 3rd period - Slapshot by Mikael Granlund.
12:55 of 3rd period - Shot Misses the Net.
13:17 of 3rd period - Slapshot by Alexander Edler.
13:17 of 3rd period - Shot Misses the Net.
13:19 of 3rd period - Wrist shot by Niclas Bergfors.
13:19 of 3rd period - Stopped by Semyon Varlamov without a rebound.
13:20 of 3rd period - Chris Drury wins face-off versus Ryan Kesler in Avalanche zone.
13:20 of 3rd period - Chris Drury is hit by Ryan Kesler.
13:45 of 3rd period - Dmitri Kalinin is hit by Bryan Little and loses puck.
13:54 of 3rd period - Wrist shot by Bryan Little.
13:54 of 3rd period - Deflect By Mikkel Boedker.
13:54 of 3rd period - Shot Misses the Net.
13:54 of 3rd period - Puck is out of play.
13:55 of 3rd period - Ryan Kesler wins face-off versus Paul Stastny in Predators zone.
13:55 of 3rd period - Ryan Kesler is hit by Dan Boyle.
14:25 of 3rd period - Off-side.
14:26 of 3rd period - Marc Savard wins face-off versus Chris Drury in neutral zone.
14:41 of 3rd period - Wrist shot by Alexander Ovechkin.
14:41 of 3rd period - Stopped by Semyon Varlamov with a rebound.
15:27 of 3rd period - Minor Penalty to Byron Bitz for Boarding.
15:28 of 3rd period - Bryan Little wins face-off versus Alexander Ovechkin in Predators zone.
17:27 of 3rd period - Penalty to Byron Bitz is over, Byron Bitz is back on ice.
17:35 of 3rd period - John Moore is hit by Andrew Ladd and loses puck.
18:00 of 3rd period - Snap shot by Brett Clark.
18:00 of 3rd period - Shot Misses the Net.
18:37 of 3rd period - Andrew Ladd is hit by James Van Riemsdyk.
18:51 of 3rd period - Snap shot by Niclas Bergfors.
18:51 of 3rd period - Stopped by Semyon Varlamov with a rebound.
19:01 of 3rd period - Snap shot by Andrew Ladd.
19:01 of 3rd period - Shot Misses the Net.
19:03 of 3rd period - Snap shot by Alexander Radulov.
19:03 of 3rd period - Shot Misses the Net.
19:05 of 3rd period - Slapshot by Jay Bouwmeester.
19:05 of 3rd period - Stopped by Chad Johnson with a rebound.
19:07 of 3rd period - Slapshot by Jay Bouwmeester.
19:07 of 3rd period - Stopped by Chad Johnson without a rebound.
19:08 of 3rd period - Mikael Granlund wins face-off versus Paul Stastny in Predators zone.
19:24 of 3rd period - Brandon Yip is hit by James Van Riemsdyk and loses puck.
19:45 of 3rd period - Wrist shot by Bryan Little.
19:45 of 3rd period - Stopped by Chad Johnson without a rebound.
19:46 of 3rd period - Marc Savard wins face-off versus Mikkel Boedker in Predators zone.
Goals for this period are 5 for Avalanche vs 1 for Predators.
Shots for this period are 15 for Avalanche vs 13 for Predators.
Back to the Top